 Dungeon Crawl Stone Soup version 0.30.0-10-gfe55d96785 (webtiles) character file.

Game seed: 14296192599766697046

246572 thromnambular the Warrior (level 18, -24/173 HPs)
             Began as a Demonspawn Gladiator on May 14, 2023.
             Was the Champion of Kikubaaqudgha.
             Killed from afar by an ancient lich (89 damage)
             ... with a crystal spear
             ... on level 4 of the Abyss.
             The game lasted 02:24:58 (38864 turns).

thromnambular the Warrior (Demonspawn Gladiator)   Turns: 38864, Time: 02:24:58

Health: -24/173    AC: 39    Str: 22      XL:     18   Next: 79%
Magic:  24/24      EV: 11    Int: 14 (15) God:    Kikubaaqudgha [******]
Gold:   1042       SH:  5    Dex: 15      Spells: 15/33 levels left

rFire   . . .        w - +7 lajatang (elec)
rCold   + . .        (shield currently unavailable)
rNeg    + . .        Z - +7 plate armour of Indomitability {Contam rN+ Regen+ SInv}
rPois   +            L - +2 helmet
rElec   .            l - +2 cloak {rPois}
rCorr   +            C - +2 pair of gloves
SInv    +            a - +2 pair of boots
Will    +....        E - amulet of reflection Stlth
                     m - ring of wizardry
HPRegen 0.00/turn    i - ring "Gatrurch" {rCorr Int+5}
MPRegen 0.38/turn

%: reflection, wizardry (x1)
@: about to teleport, corroded, sick, hasted, very quick
A: hooves 2, yellow scales 3, ignite blood 3, robust 1, magic regeneration, cold
resistance 1, mutation resistance 1, [deterioration 1], [low MP 2], [subdued
magic 2]
}: 2/15 runes: barnacled, gossamer
a: Renounce Religion, Unearth Wretches, Torment, Brand Weapon With Pain, Receive
Forbidden Knowledge


You were on level 4 of the Abyss.
You worshipped Kikubaaqudgha.
Kikubaaqudgha was exalted by your worship.
You visited 7 branches of the dungeon, and saw 33 of its levels.
You visited the Abyss 1 time.
You also visited: Gauntlet and Ice Cave.

You collected 3037 gold pieces.
You spent 1995 gold pieces at shops.

Inventory:

Hand Weapons
 w - a +7 lajatang of electrocution (weapon)
Missiles
 k - 3 throwing nets
 y - 3 javelins (quivered)
 I - 3 silver javelins
Armour
 a - a +2 pair of boots (worn)
 l - a +2 cloak of poison resistance (worn)
 p - a +2 crystal plate armour of cold resistance
 C - a +2 pair of gloves (worn)
 L - a +2 helmet (worn)
 Z - the +7 plate armour of Indomitability (worn) {Contam rN+ Regen+ SInv}
   (You found it on level 14 of the Dungeon)

   rN:        It protects you from negative energy.
   SInv:      It lets you see invisible.
   Contam:    It causes magical contamination when unequipped.
   Regen:     It increases your rate of health regeneration.
Magical Staves
 v - the staff of air "Gukyize" {Fly rElec rF- rC+++ SInv}
   (You found it on level 4 of the Shoals)

   [staff of air]

   Base accuracy: +5 Base damage: 5 Base attack delay: 1.2 This weapon's minimum
   attack delay (0.6) is reached at skill level 12.
   rF:        It makes you vulnerable to fire.
   rC:        It renders you almost immune to cold.
   rElec:     It insulates you from electricity.
   SInv:      It lets you see invisible.
   Fly:       It grants you flight.
   It falls into the 'Staves' category.
   It is a one-handed weapon.
Jewellery
 i - the ring "Gatrurch" (right hand) {rCorr Int+5}
   (You found it in a Gauntlet)

   [ring of resist corrosion]

   Int:       It affects your intelligence (+5).
   rCorr:     It protects you from acid and corrosion.
 m - a ring of wizardry (left hand)
 q - a ring of protection from cold
 r - a ring of poison resistance
 x - a ring of positive energy
 E - an amulet of reflection (around neck)
 S - a +4 ring of protection
Wands
 e - a wand of polymorph (28)
 o - a wand of flame (51)
 G - a wand of mindburst (35)
 H - a wand of charming (25)
 K - a wand of iceblast (8)
 R - a wand of digging (9)
Scrolls
 g - 2 scrolls of fog
 h - a scroll of fear
 n - 5 scrolls of teleportation
 s - 2 scrolls of amnesia
 t - 4 scrolls of brand weapon
 A - 3 scrolls of vulnerability
 B - 11 scrolls of identify
 J - 5 scrolls of immolation
 O - 2 scrolls of summoning
 Q - 4 scrolls of magic mapping
 V - 2 scrolls of silence
Potions
 b - a potion of mutation
 c - 3 potions of might
 d - 8 potions of lignification
 f - a potion of resistance
 j - 8 potions of curing
 u - 6 potions of attraction
 z - 9 potions of ambrosia
 D - 3 potions of magic
 F - 5 potions of brilliance
 M - 3 potions of cancellation
 N - a potion of flight
 T - a potion of haste
 X - 6 potions of heal wounds
Miscellaneous
 Y - a phial of floods


   Skills:
 + Level 18.6 Fighting
 - Level 14.0 Staves
 - Level 5.0 Ranged Weapons
 - Level 1.7 Throwing
 + Level 16.6 Armour
 - Level 8.3 Dodging
 - Level 8.0 Spellcasting
 + Level 10.2 Hexes
 - Level 10.0 Necromancy
 - Level 2.1 Translocations
 - Level 2.1 Air Magic


You had 15 spell levels left.
You knew the following spells:

 Your Spells              Type           Power      Damage    Failure   Level
a - Vhi's Electric Charg  Tloc/Air       14%        N/A       38%         3
b - Vampiric Draining     Necr           21%        2d7       1%          3
c - Animate Dead          Necr           21%        N/A       4%          4
d - Anguish               Hex/Necr       10%        N/A       4%          4
e - Dispel Undead         Necr           21%        3d11      4%          4

Your spell library contained the following spells:

 Spells                   Type           Power      Damage    Failure   Level
 Necrotise                Necr           84%        1d8       1%          1
 Sublimation of Blood     Necr           21%        N/A       1%          2
 Ensorcelled Hibernation  Hex/Ice        24%        N/A       6%          2
 Foxfire                  Conj/Fire      12%        2x1d4     32%         1
 Freeze                   Ice            12%        1d3       32%         1
 Static Discharge         Conj/Air       10%        2-3/arc   32%         2
 Swiftness                Air            7%         N/A       38%         3
 Passwall                 Tmut/Erth      2%         N/A       45%         2
 Frozen Ramparts          Ice            6%         1d1       69%         3
 Hailstorm                Conj/Ice       3%         3d3       69%         3
 Ignite Poison            Fire/Tmut/Pois 3%         N/A       69%         3
 Spider Form              Tmut/Pois      3%         N/A       69%         3
 Borgnjor's Vile Clutch   Necr/Erth      6%         N/A       75%         5
 Airstrike                Air            3%         2d(1-17)  80%         4
 Summon Lightning Spire   Summ/Air       5%         N/A       90%         4
 Ice Form                 Ice/Tmut       3%         N/A       97%         4
 Sticky Flame             Conj/Fire      3%         2d3       97%         4
 Summon Ice Beast         Ice/Summ       3%         N/A       97%         4
 Arcjolt                  Conj/Air       2%         1d12      99%         5
 Simulacrum               Ice/Necr       6%         N/A       99%         6
 Fireball                 Conj/Fire      1%         3d3       100%        5
 Conjure Ball Lightning   Conj/Air       2%         3x3d6     100%        6
 Plasma Beam              Fire/Air       2%         2x1d14    100%        6
 Starburst                Conj/Fire      1%         6d3       100%        6
 Discord                  Hex            10%        N/A       100%        8
 Disjunction              Tloc           3%         N/A       100%        8
 Ignition                 Fire           1%         3d3       100%        8
 Maxwell's Capacitive Co  Air            3%         ∞         100%        8


Dungeon Overview and Level Annotations

Branches:
Dungeon (15/15)            Temple (1/1) D:6            Lair (5/5) D:11
 Shoals (4/4) Lair:2       Spider (4/4) Lair:2        Slime (0/5) Lair:4
    Orc (2/2) D:12            Elf (0/3) Orc:2        Vaults (2/5) D:13
 Depths (0/4) D:15          IceCv (visited)         Gauntlet (visited)
  Crypt: Vaults:2-3

Altars:
Ashenzari
Cheibriados
Dithmenos
Fedhas
Gozag
Hepliaklqana
Kikubaaqudgha
Makhleb
Nemelex Xobeh
Okawaru
Qazlal
Ru
Sif Muna
Trog
Uskayaw
Vehumet
Wu Jian
Xom
Yredelemnul
Jiyva

Shops:
D:4 =   D:8 :   D:13 [   Orc:1 ?   Orc:2 *[!=((   Vaults:1 =[=(

Portals:
Trove: Vaults:1 (give 7 scrolls of fear)

Annotations:
D:2 Sigmund
D:5 1 runed translucent door, SnakkuSnakku7's ghost, novice HuCA
D:15 1 runed translucent door, AyAyRon's ghost, adept DsFi
Lair:1 2 transporters, croobank's ghost, journeyman GnEE
Lair:4 Nessos
Shoals:2 3 runed translucent doors
Shoals:4 2 runed translucent doors
Spider:2 3 runed translucent doors, cfbundy's ghost, adept FoFi; endersaim's ghost, adept MfSk; zazu2006's ghost, adept GnWn
Orc:1 2 transporters
Orc:2 3 runed translucent doors, Brutalitops's ghost, journeyman VSIE
Abyss:4 1 transporter


Innate Abilities, Weirdness & Mutations

You have hoof-like feet.
You are completely covered in yellow scales. (AC +4, rCorr)
Your demonic aura causes all spilled blood to erupt in flames.
You are robust. (+10% HP)
You regenerate magic rapidly.
Your flesh is cold resistant. (rC+)
You are somewhat resistant to further mutation.
[Your body sometimes deteriorates upon taking damage.]
[Your magical capacity is very low. (-20% MP)]
[Your spells are easier to cast, but less powerful.]


Message History

The ancient lich flickers and vanishes for a moment.
The water elemental is engulfed in blazing flames.
The yellow draconian annihilator hits you but does no damage.
You feel much better. The reaper hits you but does no damage.
You slash the yellow draconian annihilator!
The yellow draconian annihilator is heavily wounded.
The water elemental is engulfed in blazing flames.
The water elemental closely misses you.
The yellow draconian annihilator is engulfed in blazing flames.
The yellow draconian annihilator closely misses you.
The yellow draconian annihilator mumbles some strange words.
The yellow draconian annihilator blinks!
You slice the yellow draconian annihilator!!
Lightning courses through the yellow draconian annihilator!
You kill the yellow draconian annihilator!
Kikubaaqudgha accepts your kill.
The wretched star pulses with an eldritch light!
Unknown command.
The water elemental is engulfed in blazing flames.
You destroy the water elemental!
Kikubaaqudgha accepts your kill. The reaper hits you but does no damage.
The yellow draconian annihilator spits acid at you.
The glob of acid hits you but does no damage.
The acid corrodes you!
You feel the corruption within you wane somewhat.
You begin to regenerate regardless of the presence of monsters.
You feel a little healthier.
Things that are here:
a +1 rapier of electrocution; a +0 cloak You open the door.
A draconian comes into view. It is wielding a +0 flail.
The draconian roars!
A neqoxec comes into view.
The ancient lich is engulfed in blazing flames.
The ancient lich gestures at you while chanting.
The crystal spear hits you!!!!
Ouch! That really hurt!
You die...
Kikubaaqudgha rasps: "You have failed me!
Welcome... death!"

.# ... . ##. ##
.... .. #...#.#
.... .# ..#.. 3..
## ##'# ....
##'###.##..##
...#####.d.# ...d..
...©##...#+#.3.###
##
#....##.D.#φ#A..'©#
## #..#.©##
.°#@#q*.### #. .#.
### °##○L2XX.# .
##. ##'###.##..## #
###..q.######*# .#
# ..x..##....# #.
#..... #. ..X.# # #
#. .q.q X.... # # .
.. .#.. ... . #
..#..##....##


You could see a shadow dragon, an ancient lich (invisible), a reaper, a
draconian, a thrashing horror, a large abomination and a neqoxec.

Vanquished Creatures
  Mara (Spider:3)
  A profane servitor (Abyss:4)
  Rupert (Orc:2)
  Agnes (Spider:1)
  A sphinx (Vaults:2)
  2 tengu reavers
  9 vault wardens
  3 ghost moths
  8 emperor scorpions
  A draconian annihilator (Abyss:4)
  4 broodmothers
  A very ugly thing (Vaults:1)
  2 orc warlords
  4 ironbound preservers
  A cacodemon (D:12)
  A reaper (IceCv)
  A stone giant (Vaults:2)
  A dire elephant (D:15)
  A minotaur (Gauntlet)
  2 spark wasps (Spider:2)
  3 merfolk javelineers (Shoals:4)
  3 merfolk impalers (Shoals:4)
  5 entropy weavers
  2 fire dragons
  The ghost of Zvl3 the Grappler, a journeyman TrGl of Nemelex Xobeh (D:12)
  4 yaktaur captains
  A great orb of eyes (Vaults:1)
  3 vault guards (Vaults:2)
  5 radroaches
  3 hydras
  10 ironbound frosthearts
  6 ogre magi
  A peacekeeper (Vaults:2)
  Erica (D:10)
  A catoblepas (Lair:5)
  6 centaur warriors
  An alligator snapping turtle (Shoals:4)
  A dancing weapon (Abyss:4)
  8 boulder beetles
  2 merfolk aquamancers (Shoals:4)
  18 two-headed ogres
  A tengu warrior (D:15)
  7 death yaks (Lair:5)
  2 thrashing horrors (Abyss:4)
  2 large abominations (Abyss:4)
  Nergalle (Lair:3)
  5 sixfirhies (Gauntlet)
  2 skysharks
  A sun moth (Spider:4)
  2 wretched stars (Abyss:4)
  A death drake (shapeshifter) (D:13)
  15 skeletal warriors
  2 pharaoh ants (Spider:3)
  3 sea snakes
  7 deep trolls
  9 orb spiders
  4 steelbarb worms
  A kraken simulacrum (Shoals:4)
  2 wizards
  6 ironbound convokers
  6 orc knights
  A phantasmal warrior (Vaults:2)
  Pikel (D:5)
  8 lindwurms
  A harpy (Shoals:4)
  16 ugly things
  A deep elf pyromancer (D:15)
  4 oklob plants
  An ugly thing zombie (Vaults:1)
  An orc sorcerer (Orc:1)
  16 wolf spiders
  7 manticores
  2 fauns (Shoals:2)
  14 elephants
  A worldbinder (Abyss:3)
  9 cyclopes
  3 merfolk sirens
  5 moths of wrath (Spider:4)
  4 black mambas
  7 water nymphs
  4 vault sentinels
  2 ice statues (IceCv)
  4 demonic crawlers
  A naga mage (D:15)
  10 cane toads
  Psyche (D:10)
  A gargoyle (D:12)
  9 torpor snails
  An efreet (D:13)
  2 human zombies (Vaults:1)
  3 unseen horror zombies (D:10)
  2 kobold demonologists (D:13)
  12 yaktaurs
  11 rime drakes
  An anaconda simulacrum (IceCv)
  6 ice devils (IceCv)
  2 komodo dragons (Lair:1)
  2 tengu conjurers (D:13)
  A hydra zombie (Abyss:4)
  5 polar bears
  6 meliai
  A queen bee (D:13)
  6 wind drakes
  4 trolls
  15 merfolk
  6 hornets (Lair:5)
  4 tyrant leeches (Lair:5)
  3 blink frogs (Lair:2)
  23 tarantellas
  A raiju (shapeshifter) (D:14)
  10 dream sheep
  20 slime creatures
  4 snapping turtles (Shoals:4)
  2 spriggans (Lair:3)
  25 jumping spiders
  A shadow (D:11)
  11 culicivoras
  A dire elephant simulacrum (IceCv)
  A culicivora (shapeshifter) (D:13)
  5 water elementals
  A wraith (D:13)
  45 yaks
  2 neqoxecs (D:12)
  A wyvern (Lair:3)
  4 basilisks
  A small abomination (Abyss:4)
  6 steam dragons
  2 vampire mosquitoes (D:13)
  38 redbacks
  Grum (D:8)
  3 two-headed ogre zombies
  2 wargs
  A deep troll zombie (Vaults:1)
  A harpy simulacrum (IceCv)
  An acid dragon (shapeshifter) (D:12)
  5 water moccasins
  An ogre zombie (D:13)
  2 acid dragons (D:11)
  2 hydra simulacra (IceCv)
  An ice beast (shapeshifter) (D:12)
  A black bear (shapeshifter) (D:12)
  4 black bears
  12 orc warriors
  12 centaurs
  25 ogres
  14 wolves
  A bullfrog (shapeshifter) (D:12)
  2 gnoll sergeants
  3 kobold brigands
  A cane toad simulacrum (IceCv)
  6 bullfrogs
  A cyclops zombie (Orc:2)
  2 scorpions
  A two-headed ogre simulacrum (IceCv)
  11 wights
  An elephant simulacrum (IceCv)
  25 killer bees
  A howler monkey (D:8)
  A howler monkey (shapeshifter) (D:12)
  2 electric eels
  7 centaur zombies
  2 hounds
  3 jellies (Lair:3)
  8 orc priests
  Ijyb (D:4)
  A sleepcap (D:6)
  A gnoll bouda (D:7)
  Terence (D:2)
  2 iguanas
  16 orc wizards
  3 spriggan simulacra (IceCv)
  4 troll simulacra (IceCv)
  A polar bear simulacrum (IceCv)
  4 kobold zombies (D:13)
  A howler monkey zombie (D:10)
  Robin (D:4)
  17 gnolls
  5 orc zombies
  7 adders
  2 naga simulacra (IceCv)
  A shadow imp (D:7)
  4 white imps
  5 ufetubi
  2 dart slugs
  44 orcs
  5 endoplasms
  2 giant cockroaches
  25 goblins
  14 hobgoblins
  2 jackals (D:3)
  6 quokkas
  3 training dummies (Orc:2)
  8 ball pythons
  2 bats
  A frilled lizard (D:1)
  15 kobolds
  2 rats (D:1)
  A lurking horror (Abyss:4)
  A starspawn tentacle (Abyss:4)
  A tentacle (Shoals:4)
1018 creatures vanquished.

Vanquished Creatures (collateral kills)
  A merfolk impaler (Shoals:4)
  An alligator snapping turtle (Shoals:4)
  A deep troll (Vaults:2)
  An ugly thing (Vaults:1)
  A merfolk siren (Shoals:4)
  A vault sentinel (Vaults:1)
  A merfolk (Shoals:4)
  A hornet (Lair:5)
  A wyvern (D:10)
  A yak (D:10)
  A wraith (D:10)
  A centaur (shapeshifter) (D:12)
  A wight (D:7)
  2 kobolds (D:13)
15 creatures vanquished.

Vanquished Creatures (others)
  A very ugly thing zombie (Vaults:1)
  A tengu zombie (Vaults:2)
  An ugly thing zombie (Vaults:1)
  A human zombie (Vaults:1)
  An elephant (Lair:5)
  An orc zombie (Vaults:1)
  A troll (Orc:2)
  3 deep troll zombies (Vaults:2)
  An orc warrior (Orc:2)
  A lindwurm zombie (Vaults:2)
  A torpor snail zombie (Lair:5)
  3 yak zombies (D:10)
  A howler monkey (D:8)
  An orc wizard (Orc:2)
  A gnoll (D:7)
  An ufetubus (IceCv)
  2 kobold zombies (D:13)
  3 starspawn tentacles (Abyss:4)
  6 tentacles (Shoals:4)
31 creatures vanquished.

Grand Total: 1064 creatures vanquished

Notes
Turn   | Place    | Note
-------+----------+-------------------------------------------
     0 | D:1      | thromnambular the Demonspawn Gladiator began the quest for
                  | the Orb.
     0 | D:1      | Reached XP level 1. HP: 16/16 MP: 1/1
   133 | D:1      | Gained mutation: You are partially covered in yellow
                  | scales. (AC +2) [demonic ancestry]
   133 | D:1      | Reached XP level 2. HP: 22/22 MP: 2/2
   845 | D:2      | Noticed Sigmund
   973 | D:2      | Reached XP level 3. HP: 21/27 MP: 3/3
  1010 | D:2      | Noticed Terence
  1035 | D:2      | Killed Terence
  1378 | D:3      | Gained mutation: You have large cloven feet. [demonic
                  | ancestry]
  1378 | D:3      | Reached XP level 4. HP: 33/33 MP: 4/4
  1965 | D:4      | Reached skill level 5 in Staves
  2173 | D:4      | Reached XP level 5. HP: 27/38 MP: 5/5
  2553 | D:4      | Noticed Ijyb
  2576 | D:4      | Reached skill level 1 in Armour
  2599 | D:4      | Killed Ijyb
  2602 | D:4      | Noticed Robin
  2626 | D:4      | Killed Robin
  2815 | D:4      | Found Xutoerieh's Jewellery Boutique.
  3310 | D:5      | Entered Level 5 of the Dungeon
  3365 | D:5      | Reached skill level 3 in Fighting
  3365 | D:5      | Reached XP level 6. HP: 44/47 MP: 6/6
  3487 | D:5      | Learned a level 3 spell: Vhi's Electric Charge
  3714 | D:5      | Found a runed translucent door.
  3714 | D:5      | Noticed an orc warrior
  3714 | D:5      | Noticed SnakkuSnakku7's ghost (novice HuCA)
  3802 | D:6      | Gained mutation: Your demonic aura sometimes causes spilled
                  | blood to erupt in flames. [demonic ancestry]
  3802 | D:6      | Reached XP level 7. HP: 48/53 MP: 7/7
  3807 | D:6      | Reached skill level 4 in Fighting
  4060 | D:6      | Noticed Pikel
  4073 | D:5      | Killed Pikel
  4074 | D:5      | Reached skill level 5 in Fighting
  4074 | D:5      | Gained mutation: Your demonic aura often causes spilled
                  | blood to erupt in flames. [demonic ancestry]
  4074 | D:5      | Reached XP level 8. HP: 62/62 MP: 8/8
  4343 | D:6      | Found a staircase to the Ecumenical Temple.
  4391 | D:6      | Found a stormy altar of Qazlal.
  4471 | Temple   | Entered the Ecumenical Temple
  4555 | Temple   | Became a worshipper of Kikubaaqudgha
  4690 | D:6      | Found a hazy altar of Hepliaklqana.
  4790 | D:4      | Bought an amulet of reflection for 390 gold pieces
  4849 | D:6      | Found an ornate altar of the Wu Jian Council.
  5073 | D:7      | Reached skill level 6 in Fighting
  5073 | D:7      | Reached skill level 5 in Armour
  5380 | D:7      | Found a burning altar of Makhleb.
  5597 | D:7      | Gained mutation: Your demonic aura causes all spilled blood
                  | to erupt in flames. [demonic ancestry]
  5597 | D:7      | Reached XP level 9. HP: 61/71 MP: 9/9
  6329 | D:8      | Reached skill level 7 in Fighting
  6420 | D:8      | Found a hide-covered altar of Uskayaw.
  6445 | D:8      | Reached skill level 1 in Ranged Weapons
  6456 | D:8      | Noticed Grum
  6463 | D:8      | Killed Grum
  6485 | D:8      | Reached * piety under Kikubaaqudgha
  6485 | D:8      | Received a gift from Kikubaaqudgha
  6804 | D:8      | Found a broken altar of Ashenzari.
  7002 | D:8      | Found Raostiog's Self-Improvement Boutique.
  7037 | D:8      | Reached skill level 5 in Ranged Weapons
  7559 | D:8      | Reached XP level 10. HP: 79/79 MP: 9/19
  7564 | D:8      | Learned a level 3 spell: Vampiric Draining
  7569 | D:8      | Learned a level 4 spell: Animate Dead
  7701 | D:9      | Paralysed by a hornet for 3 turns
  7992 | D:10     | Entered Level 10 of the Dungeon
  8023 | D:10     | Reached XP level 11. HP: 59/84 MP: 20/20
  8210 | D:10     | Found a basalt altar of Yredelemnul.
  8397 | D:10     | Reached ** piety under Kikubaaqudgha
  8579 | D:10     | Noticed a two-headed ogre
  8597 | D:10     | Killed a two-headed ogre
  8598 | D:10     | Reached skill level 8 in Fighting
  9066 | D:10     | Noticed Psyche
  9084 | D:10     | Reached skill level 5 in Dodging
  9454 | D:10     | Found an iron altar of Okawaru.
  9569 | D:10     | Killed Psyche
  9570 | D:10     | You fall into a shaft and drop 1 floor!
  9573 | D:11     | Noticed a boulder beetle
  9577 | D:11     | Noticed an oklob plant
  9794 | D:11     | Noticed Erica
  9808 | D:10     | Killed Erica
 10000 | D:10     | Found an opulent altar of Gozag.
 10129 | D:11     | Noticed a boulder beetle
 10194 | D:11     | Killed a boulder beetle
 10595 | D:11     | Noticed a brown ugly thing
 10734 | D:11     | Killed a brown ugly thing
 10735 | D:11     | Reached skill level 9 in Fighting
 10785 | D:11     | Noticed an oklob plant
 10786 | D:11     | Noticed an oklob plant
 10787 | D:11     | Found a staircase to the Lair.
 11028 | D:11     | Gained mutation: You are mostly covered in yellow scales.
                  | (AC +3) [demonic ancestry]
 11028 | D:11     | Reached XP level 12. HP: 95/95 MP: 21/21
 11791 | D:11     | Reached *** piety under Kikubaaqudgha
 11791 | D:11     | Received a gift from Kikubaaqudgha
 11931 | D:11     | Learned a level 4 spell: Anguish
 11933 | Lair:1   | Entered Level 1 of the Lair of Beasts
 11965 | Lair:1   | Found a transporter.
 11969 | Lair:1   | Noticed croobank's ghost (journeyman GnEE)
 11970 | Lair:1   | Found a bloodstained altar of Trog.
 11977 | Lair:1   | Found a transporter.
 12104 | Lair:1   | Reached skill level 1 in Hexes
 13061 | Lair:2   | Found a hole to the Spider Nest.
 13100 | Lair:2   | Reached skill level 10 in Staves
 13191 | Lair:2   | Found a staircase to the Shoals.
 13279 | Lair:2   | Found a gate leading to a gauntlet.
 13289 | Gauntlet | Entered a Gauntlet
 13289 | Gauntlet | Found a transporter.
 13289 | Gauntlet | Found a transporter.
 13296 | Gauntlet | Noticed a death scarab
 13300 | Gauntlet | Found a transporter.
 13300 | Gauntlet | Found a transporter.
 13325 | Gauntlet | Found a transporter.
 13416 | Gauntlet | Found a transporter.
 13416 | Gauntlet | Found a transporter.
 13421 | Gauntlet | Found a runed translucent door.
 13421 | Gauntlet | Found a runed translucent door.
 13424 | Gauntlet | Found a transporter.
 13424 | Gauntlet | Found a transporter.
 13430 | Gauntlet | Found a runed translucent gate.
 13430 | Gauntlet | Found a runed translucent gate.
 13432 | Gauntlet | Found a runed translucent gate.
 13439 | Gauntlet | Found a transporter.
 13509 | Gauntlet | Found a transporter.
 13509 | Gauntlet | Identified the ring "Gatrurch" {rCorr Int+5}
 13688 | Gauntlet | Learned a level 4 spell: Dispel Undead
 13688 | Gauntlet | Noticed a minotaur
 13706 | Gauntlet | Killed a minotaur
 14075 | Lair:2   | Noticed a five-headed hydra
 14089 | Lair:2   | Killed a five-headed hydra
 14090 | Lair:2   | Reached skill level 1 in Translocations
 14501 | Lair:2   | Reached XP level 13. HP: 98/103 MP: 22/22
 14574 | Lair:3   | Reached **** piety under Kikubaaqudgha
 14609 | Lair:3   | Reached skill level 10 in Fighting
 14943 | Lair:3   | Reached skill level 1 in Air Magic
 14998 | Lair:3   | Noticed Nergalle
 15015 | Lair:3   | Killed Nergalle
 15651 | Lair:4   | Found a viscous altar of Jiyva.
 15651 | Lair:4   | Found a staircase to the Slime Pits.
 15769 | Lair:4   | Noticed a fire dragon
 15775 | Lair:4   | Reached ***** piety under Kikubaaqudgha
 16065 | Lair:4   | Killed a fire dragon
 16215 | Lair:4   | Noticed Nessos
 16222 | Lair:5   | Entered Level 5 of the Lair of Beasts
 16476 | Lair:5   | Reached skill level 5 in Hexes
 16485 | Lair:5   | Reached skill level 11 in Fighting
 17443 | Lair:5   | Gained mutation: You are completely covered in yellow
                  | scales. (AC +4, rCorr) [demonic ancestry]
 17443 | Lair:5   | Reached XP level 14. HP: 83/113 MP: 23/23
 18073 | Lair:5   | Found a runed translucent door.
 18571 | Lair:5   | Paralysed by a hornet for 1 turns
 19161 | Lair:5   | Reached skill level 12 in Fighting
 19165 | Lair:5   | Reached skill level 10 in Armour
 19772 | D:12     | Found a frozen archway.
 19800 | IceCv    | Entered an ice cave
 21025 | IceCv    | Noticed a reaper
 21064 | IceCv    | Killed a reaper
 21725 | D:12     | Found a runed translucent gate.
 21725 | D:12     | Found a runed translucent gate.
 21726 | D:12     | Found a runed translucent gate.
 21943 | D:12     | Found a staircase to the Orcish Mines.
 21953 | D:12     | Reached ****** piety under Kikubaaqudgha
 22769 | Orc:1    | Entered Level 1 of the Orcish Mines
 22889 | Orc:1    | Found a transporter.
 22890 | Orc:1    | Found a transporter.
 22893 | Orc:1    | Noticed an orc warlord
 22895 | Orc:1    | Noticed an orc warlord
 22927 | Orc:1    | Found Tetidoas's Magic Scroll Shoppe.
 22930 | Orc:1    | Bought a scroll of blinking for 97 gold pieces
 22930 | Orc:1    | Bought a scroll of teleportation for 39 gold pieces
 22930 | Orc:1    | Bought a scroll of teleportation for 39 gold pieces
 22930 | Orc:1    | Bought a scroll of enchant weapon for 97 gold pieces
 23253 | Orc:2    | Entered Level 2 of the Orcish Mines
 23383 | Orc:2    | Reached skill level 13 in Fighting
 23408 | Orc:2    | Gained mutation: You have hoof-like feet. [demonic
                  | ancestry]
 23408 | Orc:2    | Reached XP level 15. HP: 115/123 MP: 24/24
 23497 | Orc:2    | Found Beumpeh's Distillery.
 23497 | Orc:2    | Found Mauz's Armour Boutique.
 23498 | Orc:2    | Found Nuarphufao's Antique Weapon Shop.
 23498 | Orc:2    | Found Fyng's Jewellery Emporium.
 23550 | Orc:2    | Bought a potion of heal wounds for 80 gold pieces
 23551 | Orc:2    | Bought a polished quarterstaff for 297 gold pieces
 23551 | Orc:2    | Identified the +6 quarterstaff of Isidor {heavy, Will+
                  | Str+3 Int+3} (You bought it in a shop on level 2 of the
                  | Orcish Mines)
 23785 | Orc:2    | Found a runed translucent gate.
 23785 | Orc:2    | Found a runed translucent gate.
 23785 | Orc:2    | Found a runed translucent gate.
 23786 | Orc:2    | Noticed Rupert
 23786 | Orc:2    | Paralysed by Rupert for 2 turns
 23792 | Orc:2    | Noticed Brutalitops's ghost (journeyman VSIE)
 23803 | Orc:2    | Killed Rupert
 24119 | Orc:2    | Found Quxasesk's Firing Range.
 24446 | Orc:2    | Found Ypumauna's Assorted Antiques.
 24452 | Orc:2    | Found a staircase to the Elven Halls.
 24453 | Orc:2    | Bought a scroll of teleportation for 108 gold pieces
 24453 | Orc:2    | Bought a scroll of magic mapping for 270 gold pieces
 25229 | D:13     | Found a gate to the Vaults.
 25345 | D:13     | Found Taghohum's Antique Armour Emporium.
 25359 | D:13     | Bought a shiny helmet for 225 gold pieces
 25359 | D:13     | Bought an embroidered cloak for 225 gold pieces
 26047 | D:14     | Reached skill level 14 in Fighting
 26605 | D:14     | Found a sparkling altar of Nemelex Xobeh.
 26908 | D:14     | Identified the +7 plate armour of Indomitability {Contam
                  | rN+ Regen+ SInv}
 27074 | D:15     | Entered Level 15 of the Dungeon
 27616 | D:15     | Found a runed translucent door.
 27616 | D:15     | Found a shimmering altar of Xom.
 27616 | D:15     | Noticed AyAyRon's ghost (adept DsFi)
 27725 | D:15     | Noticed an emperor scorpion
 27734 | D:15     | Killed an emperor scorpion
 27735 | D:15     | Gained mutation: You regenerate magic rapidly. [demonic
                  | ancestry]
 27735 | D:15     | Reached XP level 16. HP: 124/134 MP: 25/25
 27741 | D:15     | Found a staircase to the Depths.
 28155 | Spider:1 | Entered Level 1 of the Spider Nest
 28279 | Spider:1 | Reached skill level 15 in Fighting
 28822 | Spider:1 | Noticed Agnes
 28831 | Spider:1 | Killed Agnes
 29375 | Spider:2 | Gained mutation: You do not regenerate when monsters are
                  | visible. [mutagenic glow]
 29832 | D:12     | Found a runed translucent gate.
 29832 | D:12     | Found a runed translucent gate.
 29833 | D:12     | Lost mutation: You do not regenerate when monsters are
                  | visible. [potion of mutation]
 29833 | D:12     | Gained mutation: You are agile. (Dex +4, Str/Int -1)
                  | [potion of mutation]
 29833 | D:12     | Gained mutation: You have hooves in place of feet. [potion
                  | of mutation]
 29835 | D:12     | Found a runed translucent gate.
 29838 | D:12     | Noticed Zvl3's ghost (journeyman TrGl)
 30524 | Spider:2 | Found a runed translucent gate.
 30524 | Spider:2 | Found a runed translucent gate.
 30525 | Spider:2 | Found a runed translucent gate.
 30526 | Spider:2 | Noticed zazu2006's ghost (adept GnWn)
 30526 | Spider:2 | Noticed endersaim's ghost (adept MfSk)
 30527 | Spider:2 | Noticed cfbundy's ghost (adept FoFi)
 31290 | Spider:3 | Reached skill level 16 in Fighting
 31382 | Spider:3 | Noticed Mara
 31657 | Spider:3 | Identified the +8 sling of Death {flame, Int+3}
 31671 | Spider:3 | Killed Mara
 31783 | Spider:3 | Gained mutation: You occasionally shout uncontrollably at
                  | your foes. [mutagenic glow]
 31803 | Spider:3 | Gained mutation: You sometimes lose your temper in combat.
                  | [mutagenic glow]
 32165 | Spider:4 | Entered Level 4 of the Spider Nest
 32374 | Spider:4 | Gained mutation: You are robust. (+10% HP) [demonic
                  | ancestry]
 32374 | Spider:4 | Reached XP level 17. HP: 134/159 MP: 29/29
 32643 | Spider:4 | Identified the +4 robe of Kikubaaqudgha's Favour {-Tele
                  | Int+5 Slay+5}
 33119 | Orc:2    | Bought a potion of mutation for 128 gold pieces
 33119 | Orc:2    | Lost mutation: You are agile. (Dex +4, Str/Int -1) [potion
                  | of mutation]
 33119 | Orc:2    | Lost mutation: You occasionally shout uncontrollably at
                  | your foes. [potion of mutation]
 33119 | Orc:2    | Gained mutation: You are dopey. (Int -2) [potion of
                  | mutation]
 33119 | Orc:2    | Gained mutation: You occasionally lose the ability to read
                  | scrolls when taking damage. [potion of mutation]
 33119 | Orc:2    | Gained mutation: You have an increased reservoir of magic.
                  | (+10% MP) [potion of mutation]
 33265 | D:12     | Killed Zvl3's ghost
 33280 | D:12     | Lost mutation: You occasionally lose the ability to read
                  | scrolls when taking damage. [potion of mutation]
 33280 | D:12     | Lost mutation: You are dopey. (Int -2) [potion of mutation]
 33280 | D:12     | Lost mutation: You have hooves in place of feet. [potion of
                  | mutation]
 33280 | D:12     | Gained mutation: Your muscles are strong. (Str +4, Int/Dex
                  | -1) [potion of mutation]
 33399 | D:12     | Lost mutation: You have an increased reservoir of magic.
                  | (+10% MP) [potion of mutation]
 33399 | D:12     | Lost mutation: Your muscles are strong. (Str +4, Int/Dex
                  | -1) [potion of mutation]
 33399 | D:12     | Lost mutation: You sometimes lose your temper in combat.
                  | [potion of mutation]
 33399 | D:12     | Gained mutation: Your flesh is cold resistant. (rC+)
                  | [potion of mutation]
 33399 | D:12     | Gained mutation: You are somewhat resistant to further
                  | mutation. [potion of mutation]
 33788 | Spider:4 | Reached skill level 10 in Necromancy
 34069 | Spider:4 | Got a gossamer rune of Zot
 34193 | Shoals:1 | Entered Level 1 of the Shoals
 34319 | Shoals:2 | Reached skill level 15 in Armour
 34347 | Shoals:2 | Found a runed translucent gate.
 34348 | Shoals:2 | Found a runed translucent gate.
 34349 | Shoals:2 | Found a runed translucent gate.
 34370 | Shoals:2 | Reached skill level 17 in Fighting
 34449 | Shoals:4 | Entered Level 4 of the Shoals
 34718 | Shoals:4 | Identified the ring "Amo Deol" {Will- rCorr Str+7 Dex+4
                  | Slay-6}
 34880 | Shoals:4 | Identified the staff of air "Gukyize" {Fly rElec rF- rC+++
                  | SInv}
 34984 | Shoals:4 | Found a large runed translucent door.
 34984 | Shoals:4 | Found a large runed translucent door.
 35521 | Shoals:4 | Got a barnacled rune of Zot
 35746 | Vaults:1 | Entered Level 1 of the Vaults
 36129 | Vaults:1 | Found Risout's Weapon Shop.
 36221 | Vaults:1 | Found a portal to a secret trove of treasure.
 36344 | Vaults:1 | Reached XP level 18. HP: 83/171 MP: 24/30
 36561 | Vaults:1 | Found Fuaptues's Jewellery Shop.
 36562 | Vaults:1 | Found Jagor's Antique Armour Shop.
 36856 | Vaults:1 | Found Pynadueb's Jewellery Shoppe.
 37176 | Vaults:2 | Reached skill level 18 in Fighting
 37236 | Vaults:2 | Paralysed by a sphinx for 2 turns
 38492 | Abyss:3  | Cast into level 3 of the Abyss (a wizard)
 38515 | Abyss:3  | Reached skill level 10 in Hexes
 38565 | Abyss:4  | Noticed a profane servitor
 38584 | Abyss:4  | Killed a profane servitor
 38775 | Abyss:4  | Found a corrupted altar of Lugonu.
 38833 | Abyss:4  | Found a transporter.
 38840 | Abyss:4  | Noticed a lich
 38855 | Abyss:4  | Noticed an ancient lich
 38856 | Abyss:4  | Found a transporter.
 38864 | Abyss:4  | Killed from afar by an ancient lich

Illustrated notes

Levels and vault maps discovered:
D:1:      lightli_arrival_noodles, layout_loops_ring
D:2:      layout_rooms, serial_bayou_pond_c, kennysheep_generic_room_7,
          uniq_terence, uniq_sigmund
D:3:      layout_basic
D:4:      layout_cave_pods, serial_rivers, chequers_serial_rivers_room_b,
          chequers_serial_rivers_room_a, chequers_serial_rivers_micro_c,
          chequers_serial_rivers_marsh, chequers_serial_rivers_room_a,
          chequers_serial_rivers_micro_c, minmay_misc_feat_columns,
          minmay_shop_enchanted_jewellery, uniq_robin, uniq_ijyb
D:5:      layout_rooms, ebering_ghost_inner_flame, nicolae_goblin_pals
D:6:      layout_cave_pools, lemuel_coloured_pillars_altar, elyvilon_altar_1,
          lemuel_doored_altar, mainiacjoe_overflow_catwalk,
          minmay_temple_entry_statues_fountains, minmay_misc_feat_more_columns,
          uniq_pikel
D:7:      layout_cave_pods, mainiacjoe_overflow_small_starburst
D:8:      layout_basic, mainiacjoe_overflow_24_doors,
          nicolae_ashenzari_skybound, st_stairs_10, hangedman_decor_riveting,
          nicolae_shop_self_help, uniq_grum
D:9:      layout_layer_cave
D:10:     layout_loops_ring, nicolae_yredelemnul_corpse_copse,
          mainiacjoe_overflow_concentric_impassable, grunt_gozag_breadcrumbs,
          uniq_psyche
D:11:     layout_irregular_city, dpeg_oklobed_lair, uniq_erica
D:12:     layout_long_grid, erik_orc_3,
          ploomutoo_gammafunk_ghost_potion_laboratory,
          portal_ice_cave_entry_pillars_1
D:13:     layout_roguey [special_room_bee], david_vaults_2, serial_shops,
          nicolae_diamond_shop
D:14:     layout_stronghold, nemelex_lonely_heart_becter
D:15:     hangedman_depths_entry_try_elsewhere_first, layout_loops_ring,
          minmay_misc_feat_rugged, ebering_ghost_xom,
          dreamdust_mushroom_princess
Temple:   nicolae_temple_hex_pool
Lair:1:   layout_loops_ring, gammafunk_ghost_wrathful_warriors,
          infiniplex_staircase_pool, serial_bayou_shore_a
Lair:2:   layout_concentric_octagons, minmay_shoals_entry_centaurs,
          spider_nest_entry_web_field, gauntlet_entry_generic,
          lemuel_fruit_tree, grunt_megastairs_1
Lair:3:   layout_regular_city, forest_entry_grove, uniq_nergalle
Lair:4:   layout_gridlike, nicolae_slime_entry_slimehenge,
          bobbens_dragon_lair_wall, uniq_nessos
Lair:5:   hangedman_lair_in_review, layout_hall_layers, wormcave, ldierk_geyser
Shoals:1: layout_shoals, nicolae_shoals_undead_eyrie, uniq_donald
Shoals:2: layout_shoals, nicolae_shoals_beach_cooler, uniq_ilsuiw
Shoals:3: layout_shoals, serial_shops, shop
Shoals:4: shoals_end_grunt_ice, layout_shoals, ebering_ghost_disaster_area
Spider:1: layout_spider_delve, uniq_agnes
Spider:2: layout_spider_delve, gammafunk_ghost_cemetery,
          nicolae_spider_twisty_arc_passages
Spider:3: layout_spider_delve, uniq_mara
Spider:4: guppyfry_spider_rune, hellmonk_motheaten_closet
Orc:1:    gammafunk_beogh_shrine, layout_diamond_mine, serial_shops,
          nicolae_shop_rolled_up, nicolae_orc_pool_cavern
Orc:2:    st_orc_ogre_mass, layout_diamond_mine, serial_shops, shop,
          basic_altar, gammafunk_ghost_split, nicolae_shop_firing_range,
          uniq_rupert
Vaults:1: nicolae_vaults_diamond_2, v_misc_22, nicolae_vaults_trapezoid_4,
          nicolae_vaults_theta, v_misc_33, nicolae_vaults_tetromino_T_1,
          nicolae_vaults_offset_grid_hallway_4, nicolae_vaults_fighting_squares,
          vaults_mumra_lcd, layout_vaults_ring, enter_trove_2, serial_shops,
          shop, nicolae_shop_tiny_waterfront, shop, shop_statue
Vaults:2: nicolae_vaults_mitosis, nicolae_vaults_closet_pinwheel_3,
          nicolae_vaults_back_hallway, nicolae_vaults_rhombus_5,
          nicolae_vaults_spaceships, v_rooms_1, nicolae_vaults_weapon_check,
          st_more_cells, minmay_crypt_entry_simple_sparse,
          vaults_dpeg_encased_lava, nicolae_vaults_double_plus_1,
          layout_vaults_chaotic_city, serial_shops, nicolae_shop_behind_doors
Abyss:4:  base: D:8, abyss_furniture_001, nicolae_abyss_rune_left_handed,
          hangedman_elemental_corridor, evilmike_abyss_exit_5,
          evilmike_abyss_rune_tso_outpost, evilmike_abyss_exit_15,
          hangedman_decor_peaks_small, eino_small_chamber_without_monster,
          evilmike_abyss_rune_ettins, evilmike_abyss_exit_plants,
          gammafunk_abyss_rune_reverse_zot

Skill      XL: |  1  2  3  4  5  6  7  8  9 10 11 12 13 14 15 16 17 18 |
---------------+-------------------------------------------------------+-----
Staves         | 3 4 5 6 7 8 9 10 11 13 14 | 14.0
Armour         | 1 2 4 5 6 7 8 9 11 12 14 15 16 | 16.6
Fighting       | 3 5 6 7 9 11 13 14 16 17 18 | 18.6
Ranged Weapons | 5 |  5.0
Spellcasting   | 6 8 |  8.0
Necromancy     | 7 8 10 | 10.0
Dodging        | 3 5 7 8 |  8.3
Hexes          | 3 5 7 10 | 10.2
Translocations | 1 2 |  2.1
Air Magic      | 2 |  2.1
Throwing       | |  1.7

Action                     |  1- 3 |  4- 6 |  7- 9 | 10-12 | 13-15 | 16-18 || total
---------------------------+-------+-------+-------+-------+-------+-------++-------
  Melee: Quarterstaff      |   118 |   173 |   231 |   470 |  1433 |    92 ||  2517
         Kick              |       |    47 |    79 |   198 |   623 |   294 ||  1241
         Lajatang          |       |       |       |       |       |  1360 ||  1360
   Fire: Shortbow          |       |       |    25 |    36 |       |       ||    61
  Throw: Throwing net      |     4 |     9 |     2 |     5 |       |     2 ||    22
         Javelin           |       |     1 |       |     1 |       |    14 ||    16
   Cast: Animate Dead      |       |       |       |     2 |     4 |     5 ||    11
         Anguish           |       |       |       |     6 |     6 |       ||    12
         Vampiric Draining |       |       |       |       |    10 |    15 ||    25
         Dispel Undead     |       |       |       |       |    22 |     3 ||    25
 Invoke: Unearth Wretches  |       |       |       |       |     1 |       ||     1
  Evoke: Wand              |       |       |     8 |     8 |     7 |    12 ||    35
    Use: Potion            |     1 |     1 |     1 |     9 |     6 |    17 ||    35
         Scroll            |       |     5 |     6 |    16 |    11 |    23 ||    61
   Stab: Held in net/web   |       |     1 |     1 |       |       |     1 ||     3
         Sleeping          |       |     1 |       |       |       |       ||     1
         Invisible         |       |       |       |     3 |     1 |       ||     4
         Paralysed         |       |       |       |       |     1 |       ||     1
         Distracted        |       |       |       |       |       |     1 ||     1
 Armour: Leather armour    |    32 |    17 |       |       |       |       ||    49
         Scale mail        |       |    63 |   109 |       |       |       ||   172
         Ring mail         |       |       |    10 |   200 |   234 |       ||   444
         Skin              |       |       |       |    27 |       |       ||    27
         Crystal plate arm |       |       |       |       |   415 |       ||   415
         Plate armour      |       |       |       |       |    71 |  1215 ||  1286
  Dodge: Dodged            |    73 |    93 |   119 |   295 |   600 |   674 ||  1854
  Block: Other             |       |       |    43 |   133 |   266 |   292 ||   734
         Reflection        |       |       |       |     3 |    12 |     9 ||    24
